 Dungeon Crawl Stone Soup version 0.26-a0-661-g406de6ba63 (webtiles) character file.

Game seed: 12116157349629411383

58 Drevant2 the Stinger (level 4, -4/30 HPs)
             Began as a Merfolk Venom Mage on Oct 9, 2020.
             Slain by an ice beast (11 damage)
             ... on level 2 of the Dungeon.
             The game lasted 00:07:55 (2333 turns).

Drevant2 the Stinger (Merfolk Venom Mage)           Turns: 2333, Time: 00:07:56

Health: -4/30      AC:  2    Str:  8    XL:     4   Next: 1%
Magic:  7/7        EV: 13    Int: 15    God:
Gold:   142        SH:  0    Dex: 14    Spells: 4/7 levels left

rFire    . . .     SeeInvis .   l - +0 rapier
rCold    . . .     Faith    .   (no shield)
rNeg     . . .     Spirit   .   a - +0 robe
rPois    .         Reflect  .   (no helmet)
rElec    .         Harm     .   (no cloak)
rCorr    .         Rampage  .   (no gloves)
MR       .....                  (no boots)
Stlth    ++........             (no amulet)
HPRegen  0.10/turn              (no ring)
MPRegen  0.10/turn              (no ring)

@: mighty
A: change form in water, swift swim, stealthy swim
a: no special abilities


You were on level 2 of the Dungeon.
You visited 1 branch of the dungeon, and saw 3 of its levels.

You collected 142 gold pieces.

Inventory:

Hand Weapons
 l - a +0 rapier (weapon)
Armour
 a - a +0 robe (worn)
Jewellery
 d - an uncursed amulet of the acrobat
Scrolls
 b - a scroll of noise
 c - 3 scrolls of amnesia {unknown}
 e - 3 scrolls of remove curse
 f - a scroll of enchant weapon {unknown}
 j - a scroll of identify {unknown}
 k - a scroll of magic mapping {unknown}
Potions
 g - a potion of might
 h - a potion of ambrosia {unknown}
 i - a potion of brilliance {unknown}


   Skills:
 - Level 2.6 Dodging
 - Level 2.2 Stealth
 - Level 2.0 Spellcasting
 - Level 2.0 Transmutations
 * Level 5.0 Poison Magic


You had 4 spell levels left.
You knew the following spells:

 Your Spells              Type           Power        Failure   Level
a - Sting                 Tmut/Pois      ##..         5%          1
b - Poisonous Vapours     Pois/Air       #.....       12%         2

Your spell library contained the following spells:

 Spells                   Type           Power        Failure   Level
 Ignite Poison            Fire/Tmut/Pois #.......     26%         3
 Olgreb's Toxic Radiance  Pois           ###.....     26%         4
 Mephitic Cloud           Conj/Pois/Air  #.......     32%         3


Dungeon Overview and Level Annotations

Branches:
Dungeon (3/15)

Altars:
The Shining One


Message History

You hit the ice beast but do no damage. The ice beast closely misses you.
Okay, then.
It was a potion of might.
You feel very mighty all of a sudden. The ice beast closely misses you.
You barely miss the ice beast. The ice beast hits you.
The ice beast freezes you! The ice beast completely misses you.
You barely miss the ice beast. The ice beast completely misses you.
You closely miss the ice beast. The ice beast barely misses you.
You barely miss the ice beast. The ice beast barely misses you.
You hit the ice beast.
The ice beast is lightly wounded.
The ice beast hits you. The ice beast freezes you!
* * * LOW HITPOINT WARNING * * *
You hit the ice beast.
The ice beast is lightly wounded.
The ice beast hits you.
* * * LOW HITPOINT WARNING * * *
The ice beast freezes you!
You die...

###.##...#<#.#.##.# #.#
....##...###.#)##.# #.#
#######..###.#.##.########.#
#...........#.##[.....[...#
#.####..#####.##############
.# ##.## #.#............#
##.# #..# #.#.##########.#
.... #..####.#.# #.# .!..
#.......#@# #.# ....#
##..#####Y# #.#
....+............# #.#
....######.######### #.#
....# #>)....)..# #.# ....#
#########.# #.# ....## ##
#.# #.# ...... .# #.# ####.#
.....#######.# #.# #....#


You could see an ice beast.

Vanquished Creatures
  An adder (D:2)
  An ooze (D:1)
  A worm (D:2)
  A dart slug (D:1)
  4 leopard geckos
  5 goblins
  9 hobgoblins
  2 jackals (D:1)
  3 bats
  A frilled lizard (D:1)
  3 kobolds
  A rat (D:2)
32 creatures vanquished.

Notes
Turn   | Place    | Note
-------+----------+-------------------------------------------
     0 | D:1      | Drevant2 the Merfolk Venom Mage began the quest for the
                  | Orb.
     0 | D:1      | Reached XP level 1. HP: 13/13 MP: 3/3
   425 | D:1      | Reached XP level 2. HP: 16/19 MP: 0/5
   523 | D:1      | Found a glowing golden altar of the Shining One.
   573 | D:1      | Learned a level 2 spell: Poisonous Vapours
   841 | D:1      | Reached skill level 4 in Poison Magic
  1069 | D:1      | Reached XP level 3. HP: 24/24 MP: 3/6
  1219 | D:2      | Noticed an ice beast
  2042 | D:2      | Reached skill level 5 in Poison Magic
  2233 | D:2      | Reached XP level 4. HP: 24/30 MP: 1/7
  2333 | D:2      | Slain by an ice beast

Illustrated notes

Levels and vault maps discovered:
D:1:      ncdulo_watergridlock, layout_basic, tso_metal_star
D:2:      layout_basic
D:3:      layout_loops_ring, st_stairs_14

Skill      XL: |  1  2  3 |
---------------+----------+-----
Transmutations | 2 |  2.0
Poison Magic   | 4 5 |  5.0
Dodging        | |  2.6
Stealth        | |  2.2
Spellcasting   | |  2.0

Action                   |  1- 3 |  4- 6 || total
-------------------------+-------+-------++-------
Melee: Unarmed           |    29 |       ||    29
       Rapier            |       |     7 ||     7
 Cast: Sting             |    58 |     1 ||    59
  Use: Scroll            |     3 |       ||     3
       Potion            |       |     1 ||     1
Armor: Robe              |     9 |       ||     9
Dodge: Dodged            |    39 |     6 ||    45

Table legend: (Time is in decaauts)
 A = Elapsed time spent in this place.
 B = Non-inter-level travel time spent in this place.
 C = Inter-level travel time spent in this place.
 D = Time resting spent in this place.
 E = Time spent auto-exploring this place.
 F = Levels seen in this place.
 G = Mean time per level.
                   A        B        C        D        E       F      G
               +--------+--------+--------+--------+--------+-----+--------+
         Total |   2332 |   2095 |    237 |    917 |    608 |   3 |  777.3 |
       Dungeon |   2332 |   2095 |    237 |    917 |    608 |   3 |  777.3 |
               +--------+--------+--------+--------+--------+-----+--------+

Top non-repeatable levels by time:
     D:1: 1239 daAuts
     D:2: 1089 daAuts
     D:3: 3 daAuts
